Unix NetHack Version 5.0.0-0 post-release - last build Jul 19 2026 19:10:59 (3aa4ab31751d3886436d94b585a96704892fd477,branch:main).

Game began 2026-07-26 17:07:39, ended 2026-07-26 17:12:32.

IanCurtis, chaotic male elven Wizard

                     -----------
 ------              |.........|
 |....|              |.........|
 |....-#             |....@....|             ---------
 |....|#             |.........|            #........|
 |....|#             |*...(....-##      #####|.......|          ---------
 |....|#             +.........| #  `####   #+......`|          |.......|
 ------#             ------.---- ####       #|.....[..##########|.......|
       #                           ##       #---------         #|.......|
      ##                           ##       ##                 #....>...|
     ##    ^                     ####        #                  ---------
     #-----|--                   # #         ##
     #|....`.|                ##*# ####-------#
     #|.......     ------+---##       #......|#
     #|......| ####|........|#         |.....-#
     #-.......#####-.........#         |.....|
      --------   # |........|          |.%...|
                   +........|          -------
                   ----------

IanCurtis the Conjurer    St:10 Dx:16 Co:13 In:20 Wi:8 Ch:10  Chaotic
Dlvl:1  $:246 HP:23(23) Pw:22(29) AC:9  Xp:3 T:746  Hungry  

Latest messages:
 That door is closed.
 That door is closed.
 The door opens.
 The sewer rat bites!
 You kill the sewer rat!
 You see here 3 gold pieces.
 $ - 3 gold pieces (18 in total).
 The door opens.
 The grid bug bites!
 You get zapped!
 You kill the grid bug!
 Welcome to experience level 3.
 That door is closed.
 The door resists!
 The door resists!
 The door opens.
 You try to move the boulder, but in vain.
 You try to move the boulder, but in vain.
 You try to move the boulder, but in vain.
 With great effort you move the boulder.
 You see here a chest.
 Hmmm, the chest turns out to be locked.
 In what direction? l
 Klick!
 You see here an unlocked chest.
 $ - 228 gold pieces (246 in total).
 t - a murky potion.
 In what direction? k
 The spell hits the red mold!
 You kill the red mold!
 "Hello, IanCurtis!  Welcome to Konosja's liquor emporium!"
 You kill the newt!
 The grid bug bites!
 You get zapped!
 You miss the grid bug.
 The grid bug bites!
 You get zapped!
 You kill the grid bug!
 You see here an unlocked chest containing 3 items.
 In what direction? h
 The spell hits the gas spore!
 You kill the gas spore!
 Boom!
 You are beginning to feel hungry.
 You don't have anything to eat.
 You climb up the stairs.
 You remember this level as vault.
 You try to move the boulder, but in vain.
 Beware, there will be no return!  Still climb? [yn] (n) y
 Do you want your possessions identified? [ynq] (y) q

Inventory:
 Coins    ('$')
  $ - 246 gold pieces
 Weapons  (')')
  a - a blessed +1 quarterstaff (weapon in hands)
 Armor    ('[')
  b - an uncursed +0 cloak of magic resistance (being worn)
 Scrolls  ('?')
  r - an uncursed scroll of confuse monster
  i - a blessed scroll of create monster
  j - an uncursed scroll of earth
  q - an uncursed scroll of enchant weapon
  k - an uncursed scroll of remove curse
 Spellbooks  ('+')
  l - a blessed spellbook of force bolt
  m - an uncursed spellbook of knock
 Potions  ('!')
  s - an uncursed potion of healing
  t - a cursed potion of polymorph
  p - a blessed potion of see invisible
  g - an uncursed potion of speed
  f - an uncursed potion of water
  h - an uncursed potion of water
 Rings    ('=')
  e - an uncursed +2 ring of gain constitution (on right hand)
  d - an uncursed +2 ring of increase accuracy
 Wands    ('/')
  c - a wand of light (0:13)
 Tools    ('(')
  n - a magic marker (0:19)

IanCurtis the Wizard's attributes:

Background:
 You were a Conjurer, a level 3 male elven Wizard.
 You were chaotic, on a mission for Anhur
 who was opposed by Ptah (lawful) and Thoth (neutral).
 You were right-handed.
 You were in the Dungeons of Doom, on level 1.
 You entered the dungeon 746 turns ago.
 You had 52 experience points, 28 more were needed to attain level 4.

Basics:
 You had all 23 hit points.
 You had 22 out of 29 energy points (spell power).
 Your armor class was 9.
 Your wallet contained 246 zorkmids.
 Autopickup was off.

Final Characteristics:
 Your strength was 10 (limit:18).
 Your dexterity was 16 (limit:18).
 Your constitution was 13 (base:11, limit:16).
 Your intelligence was 20 (limit:20).
 Your wisdom was 8 (limit:20).
 Your charisma was 10 (limit:18).

Final Status:
 You were hungry.
 You were unencumbered.
 You were wielding a quarterstaff.
 You had basic skill with quarterstaff.

Final Attributes:
 You were fervently aligned.
 You were magic-protected.
 You had infravision.
 You were warded.
 You survived.

Miscellaneous:
 You didn't encounter any bones levels.
 Total elapsed playing time was 4 minutes and 53 seconds.

Major events:
 Turn
    1: IanCurtis the chaotic male elven Wizard entered the dungeon
  551: attained the rank of Conjurer (level 3)
  746: escaped

Spells:
 Name                 Level Category     Fail Retention
 force bolt             1   attack         0%  91%-100%
 knock                  1   matter         0%  76%-100%

Skills:
 Fighting Skills
   bare handed combat [Unskilled]
   riding             [Unskilled]
 Weapon Skills
   dagger             [Unskilled]
   knife              [Unskilled]
   axe                [Unskilled]
   short sword        [Unskilled]
   club               [Unskilled]
   mace               [Unskilled]
   quarterstaff       [Basic]
   polearms           [Unskilled]
   spear              [Unskilled]
   trident            [Unskilled]
   sling              [Unskilled]
   dart               [Unskilled]
   shuriken           [Unskilled]
 Spellcasting Skills
   attack spells      [Basic]
   healing spells     [Unskilled]
   divination spells  [Unskilled]
   enchantment spells [Basic]
   clerical spells    [Unskilled]
   escape spells      [Unskilled]
   matter spells      [Unskilled]

Voluntary challenges:
 Character rerolling was not enabled.
 You went without food.
 You were an atheist.
 You were illiterate.
 You never genocided any monsters.
 You never polymorphed an object.
 You never changed form.
 You used no wishes.
Achievements:
 You attained the rank of Conjurer.
 You entered a shop.

 The Dungeons of Doom: levels 1 to 2
    Level 1: "vault" <- You left from here.
    Level 2:
       A potion shop, a fountain, a sink.


Vanquished creatures:
  a kitten
  2 gas spores
  a red mold
  a gecko
  4 jackals
  a fox
  2 goblins
  a sewer rat
  2 grid bugs
  a lichen
  a kobold zombie
  2 newts
19 creatures vanquished.

No species were genocided or became extinct.

Goodbye IanCurtis the Wizard...

You escaped from the dungeon with 504 points,
and 246 pieces of gold, after 746 moves.
You were level 3 with a maximum of 23 hit points when you escaped.

